 Dungeon Crawl Stone Soup version 0.26.0-18-gc5c842f807 (webtiles) character file.

Game seed: 694805597338573611

73 kaeus the Firebug (level 4, 0/24 HPs)
             Began as a Gargoyle Fire Elementalist on Jan 23, 2021.
             Slain by Grinder (1 damage)
             ... on level 3 of the Dungeon.
             The game lasted 00:05:48 (3285 turns).

kaeus the Firebug (Gargoyle Fire Elementalist)      Turns: 3285, Time: 00:05:48

Health: 0/24       AC:  6    Str: 11    XL:     4   Next: 27%
Magic:  0/7        EV: 14    Int: 17    God:
Gold:   139        SH:  3    Dex: 10    Spells: 7/8 levels left

rFire    . . .     SeeInvis .   e - +0 hunting sling (curse)
rCold    . . .     Faith    .   j - +0 buckler
rNeg     + . .     Spirit   .   g - +0 leather armour
rPois    ∞         Reflect  .   (no helmet)
rElec    +         Harm     .   (no cloak)
rCorr    .         Rampage  .   (no gloves)
Will     .....                  (no boots)
Stlth    ++........             (no amulet)
HPRegen  0.08/turn              d - +4 ring of evasion (curse)
MPRegen  0.10/turn              (no ring)

@: no status effects
A: negative energy resistance 1, electricity resistance, unbreathing,
petrification resistance, miasma immunity, AC +3
a: no special abilities


You were on level 3 of the Dungeon.
You visited 1 branch of the dungeon, and saw 4 of its levels.

You collected 139 gold pieces.

Inventory:

Hand Weapons
 a - a +0 hand axe
 b - a +1 dagger
 e - a cursed +0 hunting sling (weapon)
Armour
 g - a +0 leather armour (worn)
 j - a +0 buckler (worn)
Jewellery
 d - a cursed +4 ring of evasion (left hand)
Scrolls
 c - 2 scrolls of identify
 h - a scroll of teleportation
 i - a scroll of magic mapping
 n - a scroll of enchant armour {unknown}
Potions
 f - 2 potions of degeneration {unknown}
 k - a potion of berserk rage {unknown}
 l - a potion of heal wounds {unknown}
 m - a potion of curing {unknown}


   Skills:
 - Level 1.5 Dodging
 - Level 2.1 Stealth
 + Level 2.6 Spellcasting
 + Level 2.3 Conjurations
 * Level 4.1 Fire Magic


You had 7 spell levels left.
You knew the following spells:

 Your Spells              Type           Power        Failure   Level
a - Foxfire               Conj/Fire      52%          11%         1

Your spell library contained the following spells:

 Spells                   Type           Power        Failure   Level
 Conjure Flame            Conj/Fire      13%          32%         3
 Inner Flame              Hex/Fire       9%           45%         3
 Sticky Flame             Conj/Fire      13%          71%         4
 Fireball                 Conj/Fire      6%           96%         5


Dungeon Overview and Level Annotations

Branches:
Dungeon (4/15)
 Temple: D:4-7

Altars:

Annotations:
D:3 Grinder


Innate Abilities, Weirdness & Mutations

You are resistant to torment.
Your stone body is resilient. (AC +3)
You are immune to poison.
You resist negative energy. (rN+)
You are resistant to electric shocks. (rElec)
You can survive without breathing.
You are immune to petrification.
You are immune to miasma.


Message History

You suddenly lose the ability to move!
Grinder hits you.
You writhe in agony.
Grinder hits you.
* * * LOW HITPOINT WARNING * * *
You writhe in agony.
* * * LOW HITPOINT WARNING * * *
Grinder hits you but does no damage. x2
Grinder says, "DUCK!"
Grinder hits you but does no damage. Grinder hits you but does no damage.
You can move again.
You take 14 damage, and have 5/24 hp.
MASSIVE DAMAGE!!
You are too injured to fight recklessly!
You are too injured to fight recklessly!
Casting: Foxfire (safe; 11% risk of failure)
Confirm with . or Enter, or press ? or * to list all spells.
You conjure some foxfire!
Grinder hits you.
* * * LOW HITPOINT WARNING * * *
You writhe in agony.
You die...

#.........
#........#
#........#
#......).#
#.....)..#
#........#
#....5...#
#.....@v.#
#...†..v.#
####.###############
#.# #........####
#.### #............
#...# #........###.
###.# #........# ##
#.# ###..#####
#.######.##


You could see Grinder.

Vanquished Creatures
  An adder (D:2)
  2 worms (D:2)
  A dart slug (D:1)
  5 orcs (D:3)
  A ball python (D:2)
  3 giant cockroaches
  3 hobgoblins
  2 quokkas (D:2)
  8 bats
  5 frilled lizards
  8 goblins
  4 kobolds
  4 rats
47 creatures vanquished.

Vanquished Creatures (others)
  An ooze (D:3)
  155 foxfires
156 creatures vanquished.

Grand Total: 203 creatures vanquished

Notes
Turn   | Place    | Note
-------+----------+-------------------------------------------
     0 | D:1      | kaeus the Gargoyle Fire Elementalist began the quest for
                  | the Orb.
     0 | D:1      | Reached XP level 1. HP: 10/10 MP: 3/3
   146 | D:1      | Reached XP level 2. HP: 3/15 MP: 0/5
  1186 | D:1      | Reached XP level 3. HP: 19/19 MP: 2/6
  2673 | D:2      | Reached skill level 4 in Fire Magic
  2673 | D:2      | Reached XP level 4. HP: 24/24 MP: 2/7
  2776 | D:2      | You fall into a shaft and drop 2 floors!
  3265 | D:3      | Noticed Grinder
  3278 | D:3      | Paralysed by Grinder for 7 turns
  3285 | D:3      | HP: 1/24 [Grinder (4)]
  3285 | D:3      | Slain by Grinder

Illustrated notes

Levels and vault maps discovered:
D:1:      roderic_chinese_lattice_arrival, layout_basic, item_on_display_a
D:2:      layout_basic
D:3:      layout_rooms, kennysheep_slug_shrine,
          chequers_ecumenical_altar_simple, elyvilon_altar_4, uniq_grinder
D:4:      layout_basic

Skill      XL: |  1  2  3 |
---------------+----------+-----
Conjurations   | 2 |  2.3
Fire Magic     | 4 |  4.1
Dodging        | |  1.5
Stealth        | |  2.1
Spellcasting   | |  2.6

Action                   |  1- 3 |  4- 6 || total
-------------------------+-------+-------++-------
Melee: Unarmed           |    13 |       ||    13
       Dagger            |     8 |       ||     8
       Hunting sling     |     9 |     3 ||    12
 Cast: Foxfire           |    81 |    31 ||   112
  Use: Scroll            |     6 |     1 ||     7
Armor: Robe              |     7 |       ||     7
       Leather armour    |     8 |     6 ||    14
Dodge: Dodged            |    34 |     2 ||    36
Block: Buckler           |       |     3 ||     3
